 Dungeon Crawl Stone Soup version 0.27-a0-1296-g8ece459b43 (webtiles) character file.

Game seed: 12530672801693281462

12892 Delamore the Stickfighter (level 12, -3/80 HPs)
             Began as a Formicid Fighter on June 16, 2021.
             Was a High Priest of Hepliaklqana.
             Slain by a large slime creature (33 damage)
             ... on level 15 of the Dungeon.
             The game lasted 00:13:11 (10790 turns).

Delamore the Stickfighter (Formicid Fighter)       Turns: 10790, Time: 00:13:11

Health: -3/80      AC: 19    Str: 25    XL:     12   Next: 25%
Magic:  12/12      EV: 13    Int:  9    God:    Hepliaklqana [*****.]
Gold:   657        SH: 11    Dex: 10    Spells: 11/11 levels left

rFire    . . .     SeeInvis +   o - +3 whip (freeze)
rCold    . . .     Faith    .   c - +1 kite shield
rNeg     . . .     Spirit   .   u - quicksilver dragon scales
rPois    .         Reflect  .   (helmet unavailable)
rElec    .         Harm     .   L - +0 cloak
rCorr    .         Rampage  .   j - +0 pair of gloves
Will     ++...                  n - +0 pair of boots
Stlth    ..........             x - amulet of regeneration
HPRegen  1.23/turn              C - +4 ring of evasion
MPRegen  0.13/turn              g - +4 ring of protection

@: no status effects
A: reduced essence, permanent stasis, dig shafts and tunnels, antennae 3, four
strong arms
a: Dig, Shaft Self, Renounce Religion, Recall Ancestor, Ancestor Identity,
Transference, Idealise


You were on level 15 of the Dungeon.
You worshipped Hepliaklqana.
Hepliaklqana was extremely pleased with you.
You visited 2 branches of the dungeon, and saw 14 of its levels.

You collected 657 gold pieces.

Inventory:

Hand Weapons
 a - a +0 trident of electrocution
 o - a +3 whip of freezing (weapon)
Missiles
 b - 69 poisoned darts (quivered)
 E - a throwing net
 M - 8 curare-tipped darts
 N - 8 silver boomerangs
 O - 5 boomerangs
Armour
 c - a +1 kite shield (worn)
 j - a +0 pair of gloves (worn)
 n - a +0 pair of boots (worn)
 u - quicksilver dragon scales (worn)
 L - a +0 cloak (worn)
Jewellery
 g - a +4 ring of protection (right hand)
 s - a ring of flight
 x - an amulet of regeneration (around neck)
 B - an amulet of reflection
 C - a +4 ring of evasion (left hand)
 J - an amulet of faith
 Q - an amulet of the acrobat
Wands
 i - a wand of iceblast (7)
 r - a wand of polymorph (20)
 t - a wand of flame (34)
 K - a wand of paralysis (22)
 P - a wand of acid (4)
Scrolls
 e - a scroll of noise
 w - 7 scrolls of amnesia
 y - a scroll of fear
 A - 2 scrolls of magic mapping
 F - a scroll of fog
 H - 2 scrolls of holy word
 I - a scroll of brand weapon
Potions
 d - 2 potions of might
 f - 2 potions of brilliance
 h - a potion of heal wounds {unknown}
 k - 2 potions of resistance
 l - 5 potions of haste
 m - 2 potions of flight
 p - 4 potions of lignification {unknown}
 q - 4 potions of mutation
 v - 4 potions of curing
 z - 2 potions of cancellation
 D - a potion of invisibility {unknown}
 G - a potion of degeneration {unknown}


   Skills:
 + Level 6.7 Fighting
 - Level 3.8(11.3) Polearms
 - Level 15.8(16.0) Staves
 + Level 5.5 Armour
 + Level 6.1 Shields


You had 11 spell levels left.
You didn't know any spells.
Your spell library contained the following spells:

 Spells                   Type           Power      Damage    Failure   Level
 Animate Skeleton         Necr           0%         N/A       73%         1
 Apportation              Tloc           0%         N/A       73%         1
 Beastly Appendage        Tmut           0%         N/A       73%         1
 Corona                   Hex            0%         N/A       73%         1
 Sting                    Tmut/Pois      0%         1d3       73%         1
 Summon Small Mammal      Summ           0%         N/A       73%         1
 Poisonous Vapours        Pois/Air       0%         N/A       86%         2
 Wereblood                Tmut           0%         N/A       86%         2
 Ignite Poison            Fire/Tmut/Pois 0%         N/A       97%         3
 Mephitic Cloud           Conj/Pois/Air  0%         N/A       97%         3
 Spider Form              Tmut/Pois      0%         N/A       97%         3
 Ice Form                 Ice/Tmut       0%         N/A       100%        4
 Olgreb's Toxic Radiance  Pois           0%         N/A       100%        4
 Borgnjor's Revivificati  Necr           0%         N/A       100%        8
 Infestation              Necr           0%         N/A       100%        8
 Necromutation            Tmut/Necr      0%         N/A       100%        8
 Death's Door             Necr           0%         N/A       100%        9


Dungeon Overview and Level Annotations

Branches:
Dungeon (12/15)            Temple (1/1) D:5            Lair (0/6) D:10
    Orc (0/2) D:10

Altars:
Ashenzari
Gozag
Hepliaklqana
Makhleb
Nemelex Xobeh
Okawaru
Qazlal
Ru
Sif Muna
The Shining One

Shops:
D:1 (   D:5 *   D:6 *


Innate Abilities, Weirdness & Mutations

Your life essence is reduced to manifest your ancestor. (-10% HP)
You cannot be hasted, slowed, berserked, paralysed or teleported.
You can dig through walls and to a lower floor.
You have a pair of large antennae on your head. (SInv)
Your four strong arms can wield two-handed weapons with a shield.


Message History

The large slime creature is heavily wounded.
The large slime creature hits you!!
You hit the large slime creature but do no damage.
The large slime creature is heavily wounded.
You block the large slime creature's attack.
You whack the large slime creature! You freeze the large slime creature.
The large slime creature is severely wounded.
You hit the large slime creature. You freeze the large slime creature.
The large slime creature is severely wounded.
The large slime creature hits you but does no damage.
You whack the large slime creature! You freeze the large slime creature.
The large slime creature is almost dead.
You hit the large slime creature. You freeze the large slime creature.
The large slime creature is almost dead.
The large slime creature hits you!!
You are too injured to fight recklessly!
You are too injured to fight recklessly!
You are too injured to fight recklessly!
You are too injured to fight recklessly!
You are too injured to fight recklessly!
You are too injured to fight recklessly!
You are too injured to fight recklessly!
You are too injured to fight recklessly!
You are too injured to fight recklessly!
You are too injured to fight recklessly!
You are too injured to fight recklessly!
You are too injured to fight recklessly!
You are too injured to fight recklessly!
You hit the large slime creature. You freeze the large slime creature.
The large slime creature is almost dead.
The large slime creature hits you!
You hit the large slime creature. You freeze the large slime creature.
The large slime creature is almost dead.
You barely miss the large slime creature.
The large slime creature is almost dead.
The large slime creature hits you but does no damage.
You whack the large slime creature! You freeze the large slime creature.
The large slime creature is almost dead.
The large slime creature hits you!!
You die...

###############
...............
##@# #J## ###.####
#.{....#
#######.####.#
........####+####.
######............
#...##J.....#
#...# .......


You could see a large slime creature.

Vanquished Creatures
  3 two-headed ogres
  An elephant (D:10)
  An unseen horror (D:11)
  Psyche (D:11)
  A hornet (D:9)
  A vampire (D:11)
  5 yaks (D:8)
  A wraith (D:10)
  2 basilisks (D:10)
  Grum (D:8)
  3 wyverns
  A steam dragon (D:7)
  2 vampire mosquitoes (D:12)
  2 water moccasins
  An orc warrior (D:10)
  A sky beast (D:7)
  An ice beast (D:6)
  2 ogres
  2 wolves (D:8)
  4 centaurs
  A phantom (D:6)
  A kobold brigand (D:9)
  A gnoll sergeant (D:11)
  A water moccasin zombie (D:6)
  2 killer bees (D:9)
  10 wights
  A troll skeleton (D:10)
  5 spriggan skeletons (D:10)
  3 howler monkeys
  An electric eel (D:7)
  A bullfrog zombie (D:5)
  A centaur zombie (D:6)
  2 hounds
  3 orc priests
  2 bullfrog skeletons
  3 iguanas (D:6)
  A centaur skeleton (D:7)
  A gnoll shaman (D:7)
  8 orc wizards
  4 adders
  7 gnolls
  2 ufetubi (D:5)
  2 worms
  A dart slug (D:1)
  10 orcs
  5 ball pythons
  A bat (D:3)
  7 endoplasms
  6 goblins
  3 hobgoblins
  10 jackals
  7 quokkas
  4 frilled lizards
  22 kobolds
  5 rats
180 creatures vanquished.

Vanquished Creatures (collateral kills)
  A hydra (D:11)
  The ghost of Gilette the Grappler, a novice TrMo of Fedhas (D:9)
  Maggie (D:6)
  A gargoyle (D:12)
  Grinder (D:4)
  A hornet (D:9)
  Eustachio (D:5)
  4 yaks (D:8)
  A basilisk (D:11)
  2 vampire mosquitoes (D:12)
  An acid dragon (D:8)
  A sky beast (D:7)
  A necrophage (D:5)
  2 ogres (D:4)
  3 centaurs
  A phantom (D:4)
  2 kobold brigands
  2 wights (D:9)
  A killer bee (D:9)
  A howler monkey (D:8)
  An electric eel (D:7)
  An orc priest (D:9)
  An orc wizard (D:9)
  A gnoll (D:8)
  3 adders
  A shadow imp (D:6)
  An adder skeleton (D:4)
  2 dart slugs
  8 orcs
  5 jackals
  A quokka (D:3)
  2 kobolds (D:8)
  A rat (D:2)
57 creatures vanquished.

Vanquished Creatures (others)
  8 hexers
  A plant (D:7)
  2 withered plants (D:9)
11 creatures vanquished.

Grand Total: 248 creatures vanquished

Notes
Turn   | Place    | Note
-------+----------+-------------------------------------------
     0 | D:1      | Delamore the Formicid Fighter began the quest for the Orb.
     0 | D:1      | Reached XP level 1. HP: 18/18 MP: 1/1
   409 | D:1      | Reached XP level 2. HP: 19/24 MP: 2/2
   756 | D:1      | Found a faded altar of an unknown god.
   882 | D:1      | Became a worshipper of Hepliaklqana the Forgotten
   882 | D:1      | Reached * piety under Hepliaklqana
   938 | D:1      | Reached XP level 3. HP: 27/27 MP: 3/3
  1082 | D:1      | Found Uneizuca's Weapon Shop.
  1322 | D:2      | Found an opulent altar of Gozag.
  1459 | D:2      | Reached XP level 4. HP: 30/33 MP: 4/4
  2129 | D:3      | Reached ** piety under Hepliaklqana
  2130 | D:3      | Remembered your ancestor Eshargamelat as a hexer
  2313 | D:3      | Reached XP level 5. HP: 38/38 MP: 5/5
  2753 | D:4      | Reached skill level 1 in Staves
  2812 | D:4      | Noticed Grinder
  2822 | D:4      | Killed Grinder
  2823 | D:4      | Reached skill level 5 in Fighting
  2823 | D:4      | Reached skill level 3 in Staves
  2823 | D:4      | Reached XP level 6. HP: 33/45 MP: 6/6
  2941 | D:4      | Reached skill level 4 in Staves
  3108 | D:4      | Noticed an ogre
  3120 | D:4      | Killed an ogre
  3121 | D:4      | Reached XP level 7. HP: 13/50 MP: 7/7
  3418 | D:4      | Reached skill level 5 in Staves
  3724 | D:4      | Reached *** piety under Hepliaklqana
  3969 | D:5      | Entered Level 5 of the Dungeon
  4015 | D:5      | Reached skill level 6 in Staves
  4026 | D:5      | Reached XP level 8. HP: 40/55 MP: 8/8
  4184 | D:5      | Found a staircase to the Ecumenical Temple.
  4311 | D:5      | Reached skill level 7 in Staves
  4592 | D:5      | Noticed Eustachio
  4602 | D:5      | Killed Eustachio
  4603 | D:5      | Reached skill level 8 in Staves
  4792 | D:5      | Found Zaocroga's CLEARANCE SALE! EVERYTHING MUST GO!.
  4969 | D:6      | Reached skill level 9 in Staves
  5063 | D:6      | Reached XP level 9. HP: 33/61 MP: 9/9
  5321 | D:6      | Reached skill level 10 in Staves
  5521 | D:6      | Noticed Maggie
  5534 | D:6      | Killed Maggie
  5549 | D:6      | Found Ewaoreh's Gadget Gallery.
  5594 | D:6      | Reached **** piety under Hepliaklqana
  6056 | D:6      | Reached skill level 11 in Staves
  6199 | D:7      | Found a transporter.
  6243 | D:7      | Reached XP level 10. HP: 65/66 MP: 10/10
  6297 | D:7      | Found a burning altar of Makhleb.
  6556 | D:7      | Found a transporter.
  6714 | D:7      | Reached skill level 12 in Staves
  6962 | D:8      | Noticed a two-headed ogre
  7105 | D:7      | Killed a two-headed ogre
  7106 | D:7      | Reached skill level 13 in Staves
  7301 | D:8      | Noticed Grum
  7321 | D:8      | Killed Grum
  7418 | D:8      | Reached skill level 14 in Staves
  7591 | D:8      | Reached XP level 11. HP: 68/71 MP: 11/11
  8009 | D:9      | Found a runed translucent door.
  8010 | D:9      | Noticed Gilette's ghost (novice TrMo)
  8420 | D:9      | Reached ***** piety under Hepliaklqana
  8564 | D:9      | Reached skill level 15 in Staves
  8852 | D:9      | Killed Gilette's ghost
  8854 | D:9      | Identified the +5 dagger "Mylahor" {vorpal, Str+3}
  9017 | Temple   | Entered the Ecumenical Temple
  9106 | D:10     | Entered Level 10 of the Dungeon
  9189 | D:10     | Found a staircase to the Orcish Mines.
  9210 | D:10     | Noticed an elephant
  9233 | D:10     | Killed an elephant
  9250 | D:10     | Found a staircase to the Lair.
  9700 | D:11     | Noticed an eight-headed hydra
  9712 | D:11     | Killed an eight-headed hydra
 10045 | D:11     | Noticed Psyche
 10062 | D:11     | Killed Psyche
 10303 | D:12     | Reached XP level 12. HP: 78/78 MP: 12/12
 10310 | D:12     | Reached skill level 5 in Shields
 10353 | D:12     | Noticed a two-headed ogre
 10362 | D:12     | Killed a two-headed ogre
 10363 | D:12     | Reached skill level 5 in Armour
 10406 | D:12     | Noticed a skeletal warrior
 10407 | D:12     | Noticed a skeletal warrior
 10408 | D:12     | Noticed a skeletal warrior
 10588 | D:12     | Noticed a two-headed ogre
 10594 | D:12     | Killed a two-headed ogre
 10706 | D:12     | Found a shimmering blue altar of Sif Muna.
 10762 | D:12     | You fall into a shaft and drop 3 floors!
 10762 | D:15     | Entered Level 15 of the Dungeon
 10790 | D:15     | Slain by a large slime creature

Illustrated notes

Levels and vault maps discovered:
D:1:      minmay_arrival_checkered_box, layout_basic,
          shapermc_ecumenical_altar_mp_ritualfount, serial_shops,
          nicolae_shop_behind_doors, minmay_tree_intersection,
          hangedman_decor_diamond_cutter, roderic_roman_lattice, moated_statue
D:2:      layout_loops_ring, basic_altar
D:3:      layout_basic, serial_park_tiny_1
D:4:      layout_cave_pods, uniq_grinder
D:5:      layout_loops_ring, minmay_temple_entry_junction,
          nicolae_shop_clearance, uniq_eustachio
D:6:      layout_cave_pods, nicolae_shop_gadgets, uniq_maggie
D:7:      gammafunk_steamed_eel, layout_basic, kennysheep_mini_moat
D:8:      layout_rooms, uniq_grum
D:9:      layout_stronghold, gammafunk_ghost_grave
D:10:     layout_gridville, david_lair_generic, orc_0_dummy,
          hangedman_tell_no_tales
D:11:     layout_cave_pools, uniq_psyche
D:12:     layout_roguey, hangedman_decor_opposing, lemuel_blue_sif_altar
D:15:     grunt_enter_depths_snipers, layout_basic, serial_bayou_pond_e,
          hex_medium
Temple:   compressed_dpeg_triangle_lava_temple

Skill      XL: |  1  2  3  4  5  6  7  8  9 10 11 12 |
---------------+-------------------------------------+-----
Polearms       | 3 |  3.8
Fighting       | 4 5 6 |  6.7
Staves         | 3 4 6 9 11 14 15 | 15.8
Shields        | 4 6 |  6.1
Armour         | 4 5 |  5.5

Action                   |  1- 3 |  4- 6 |  7- 9 | 10-12 || total
-------------------------+-------+-------+-------+-------++-------
Melee: Trident           |   106 |    49 |       |       ||   155
       Whip              |       |    39 |   288 |   630 ||   957
Throw: Dart              |       |       |     4 |    35 ||    39
Invok: Ancestor Life: He |       |     1 |       |       ||     1
       Recall Ancestor   |       |       |       |     3 ||     3
 Abil: Dig               |       |       |     5 |     2 ||     7
Evoke: Wand              |       |       |     3 |    10 ||    13
  Use: Scroll            |       |     7 |     9 |     6 ||    22
 Stab: Confused          |       |     3 |     9 |    11 ||    23
       Distracted        |       |       |     5 |    12 ||    17
       Paralysed         |       |       |       |     6 ||     6
Armor: Scale mail        |    42 |    13 |       |       ||    55
       Plate armour      |       |    24 |    43 |       ||    67
       Quicksilver drago |       |       |    83 |   165 ||   248
       Skin              |       |       |     1 |       ||     1
Dodge: Dodged            |    21 |    17 |    84 |   252 ||   374
Block: Kite shield       |    47 |    35 |   139 |   250 ||   471

Table legend: (Time is in decaauts)
 A = Elapsed time spent in this place.
 B = Non-inter-level travel time spent in this place.
 C = Inter-level travel time spent in this place.
 D = Time resting spent in this place.
 E = Time spent auto-exploring this place.
 F = Levels seen in this place.
 G = Mean time per level.
                   A        B        C        D        E       F      G
               +--------+--------+--------+--------+--------+-----+--------+
         Total |  10732 |  10088 |    644 |    553 |   7472 |  14 |  766.6 |
       Dungeon |  10730 |  10086 |    644 |    553 |   7472 |  13 |  825.4 |
        Temple |      1 |      1 |      0 |      0 |      0 |   1 |    1.0 |
               +--------+--------+--------+--------+--------+-----+--------+

Top non-repeatable levels by time:
     D:1: 1355 daAuts
     D:4: 1259 daAuts
     D:6: 1255 daAuts
     D:7: 1125 daAuts
     D:9: 1035 daAuts
     D:5: 955 daAuts
     D:2: 819 daAuts
     D:8: 726 daAuts
     D:3: 598 daAuts
    D:11: 590 daAuts
    D:10: 554 daAuts
    D:12: 432 daAuts
    D:15: 22 daAuts
  Temple: 1 daAuts
